 Dungeon Crawl Stone Soup version 0.18-a0-1157-g59db91b (webtiles) character file.

515 st0uf the Ducker (level 7, -1/60 HPs)
             Began as a Mottled Draconian Berserker on Jan 23, 2016.
             Was a Priest of Trog.
             Killed from afar by an orc wizard (10 damage)
             ... with a magic dart
             ... on level 4 of the Dungeon.
             The game lasted 00:13:42 (3534 turns).

st0uf the Ducker (Mottled Draconian Berserker)      Turns: 3534, Time: 00:13:44

Health: -1/60      AC:  0    Str: 20    XL:     7   Next: 0%
Magic:  7/7        EV: 16    Int:  7    God:    Trog [***...]
Gold:   100        SH:  0    Dex: 12    Spells: 0 memorised, 6 levels left

rFire  . . .     SeeInvis .       - Unarmed
rCold  . . .     Gourm    .     (armour unavailable)
rNeg   . . .     Faith    .     (shield currently unavailable)
rPois  .         Spirit   .     (helmet currently unavailable)
rElec  .         Dismiss  .     (cloak currently unavailable)
rCorr  .         Reflect  .     (gloves currently unavailable)
SustAt .         Harm     .     (boots currently unavailable)
MR     .....                    (no amulet)
Stlth  +.........               (ring currently unavailable)
                                (ring currently unavailable)

@: pig-form (expiring), very quick, not resistant to hostile enchantments, very
unstealthy
A: (breathe sticky flame splash), unfitting armour, (cold-blooded), AC +6
a: Berserk, Trog's Hand, Burn Spellbooks, Renounce Religion


You were on level 4 of the Dungeon.
You worshipped Trog.
Trog was most pleased with you.
You were not hungry.
You were a filthy swine.
You visited 1 branch of the dungeon, and saw 4 of its levels.

You collected 100 gold pieces.

Inventory:

Armour
 d - a +0 buckler (melded)
 k - a +0 pair of gloves (melded)
Jewellery
 p - a ring of protection from cold (melded)
 q - an uncursed ring of see invisible {unknown}
Scrolls
 b - 3 scrolls of teleportation {unknown}
 f - a scroll of noise {unknown}
 g - 2 scrolls of remove curse {unknown}
 i - 2 scrolls of amnesia {unknown}
 j - a scroll of fear {unknown}
 o - 4 scrolls of identify {unknown}
 r - a scroll of blinking {unknown}
 u - a scroll of immolation {unknown}
Potions
 c - 2 potions of ambrosia {unknown}
 e - 7 potions of curing {unknown}
 l - a potion of heal wounds {unknown}
 m - a potion of flight {unknown}
 n - 2 potions of might {unknown}
 s - a potion of agility {unknown}
 t - a potion of lignification {unknown}
Comestibles
 a - 2 bread rations
 h - 2 meat rations
 v - 2 chunks of flesh


   Skills:
 + Level 4.6 Fighting
 * Level 2.1 Throwing
 + Level 5.1 Dodging
 + Level 1.5 Shields
 + Level 4.4 Unarmed Combat


You had 6 spell levels left.
You didn't know any spells.

Dungeon Overview and Level Annotations

Branches:
Dungeon (4/15)
 Temple: D:4-7

Altars:
Cheibriados
Okawaru
Vehumet
Xom
Yredelemnul


Innate Abilities, Weirdness & Mutations

((You can spit globs of burning liquid.))
((You can ignite nearby creatures when you spit burning liquid.))
((Your weird mottled scales are hard (AC +6).))
Your body does not fit into most forms of armour.
((You are cold-blooded and may be slowed by cold attacks.))


Message History

You hit the hobgoblin but do no damage. Something hits you.
The hobgoblin hits you with a club.
You closely miss the hobgoblin. Something hits you.
The hobgoblin completely misses you.
You barely miss the hobgoblin. Something hits you.
The hobgoblin hits you but does no damage.
You hit the hobgoblin but do no damage. Something hits you.
* * * LOW HITPOINT WARNING * * *
The hobgoblin barely misses you.
You hit the hobgoblin.
The hobgoblin is moderately wounded.
Something hits you!
* * * LOW HITPOINT WARNING * * *
You hit the hobgoblin.
You kill the hobgoblin!
Trog accepts your kill.
You hear some strange, mumbled words.
A magic dart appears from out of thin air!
The magic dart hits you!
You die...

........<............
....................
.......<............
#......#.........
##...#####.......
#...# ##.....# #..##
#....## . ###..#
##...# ..######h#..#
#...## .......)))..##
##...# .............#
##... .............#
##.. .............#
##. ............## ##
............# #
............#
..........###


There were no monsters in sight!

Vanquished Creatures
  The ghost of kak the Stinger, an amateur GrVM of Cheibriados (D:4)
  An ogre (D:4)
  An iguana (D:4)
  3 orc wizards
  A worker ant (D:4)
  Robin (D:4)
  5 adders
  An ooze (D:2)
  2 worms
  5 giant geckos
  5 orcs
  2 ball pythons (D:1)
  11 bats
  4 giant cockroaches
  11 goblins
  14 hobgoblins
  10 jackals (D:1)
  A quokka (D:2)
  A giant gecko skeleton (D:4)
  2 giant newts
  8 kobolds
  8 rats
98 creatures vanquished.

Vanquished Creatures (others)
  An orc wizard (D:4)
1 creature vanquished.

Grand Total: 99 creatures vanquished

Notes
Turn   | Place    | Note
--------------------------------------------------------------
     0 | D:1      | st0uf the Draconian Berserker began the quest for the Orb.
     0 | D:1      | Reached XP level 1. HP: 19/19 MP: 1/1
   124 | D:1      | Reached XP level 2. HP: 23/26 MP: 2/2
   542 | D:1      | Reached ** piety under Trog
   621 | D:1      | Reached XP level 3. HP: 31/31 MP: 3/3
  1282 | D:2      | Found a basalt altar of Yredelemnul.
  1307 | D:2      | Found a snail-covered altar of Cheibriados.
  1376 | D:2      | Found a radiant altar of Vehumet.
  1410 | D:2      | Reached XP level 4. HP: 40/40 MP: 4/4
  1513 | D:2      | Found a shimmering altar of Xom.
  1576 | D:2      | Reached *** piety under Trog
  1615 | D:2      | Found an iron altar of Okawaru.
  1906 | D:3      | Reached skill level 4 in Fighting
  2080 | D:3      | Reached XP level 5. HP: 46/46 MP: 5/5
  2664 | D:4      | Reached skill level 1 in Shields
  2711 | D:4      | Noticed an ogre
  2720 | D:4      | Killed an ogre
  2720 | D:4      | Reached skill level 1 in Throwing
  2720 | D:4      | Reached XP level 6. HP: 22/53 MP: 6/6
  3063 | D:4      | Noticed kak's ghost (amateur GrVM)
  3073 | D:4      | Killed kak's ghost
  3327 | D:4      | Reached skill level 5 in Dodging
  3484 | D:4      | Noticed Robin
  3519 | D:4      | Killed Robin
  3525 | D:4      | Reached XP level 7. HP: 39/60 MP: 7/7
  3525 | D:4      | Your scales start taking on a weird mottled colour.
  3534 | D:4      | Killed from afar by an orc wizard

Vault maps used:
D:1:      dpeg_arrival_rooms_b
D:2:      grunt_temple_overflow_open, okawaru_gym_becter, lemuel_round_altar
D:3:      serial_bayou_pond_d
D:4:      uniq_robin

Action                   |  1- 3 |  4- 6 |  7- 9 || total
-------------------------+-------+-------+-------++-------
Melee: Unarmed           |   164 |   182 |     9 ||   355
Invok: Berserk           |     1 |     7 |       ||     8
       Trog's Hand       |       |     1 |       ||     1
 Stab: Sleeping          |     1 |       |       ||     1
  Eat: Chunk             |     2 |    10 |       ||    12
       Meat ration       |       |     1 |       ||     1
